 Dungeon Crawl Stone Soup version 0.29-a0-575-g0dc89cf053 (webtiles) character file.

Game seed: 13114327000785455486

464 Johnny the Cudgeller (level 6, -8/59 HPs)
             Began as a Troll Berserker on June 13, 2022.
             Was a Believer of Trog.
             Engulfed by a steam dragon's steam (11 damage)
             ... on level 5 of the Dungeon.
             The game lasted 00:01:57 (2943 turns).

Johnny the Cudgeller (Troll Berserker)              Turns: 2943, Time: 00:01:58

Health: -8/59      AC:  4    Str: 28    XL:     6   Next: 80%
Magic:  5/5        EV: 10    Int:  9    God:    Trog [**....]
Gold:   217        SH:  0    Dex:  9    Spells: 5/5 levels left

rFire   . . .      SeeInvis .   a - +0 mace
rCold   . . .      Faith    .   (no shield)
rNeg    . . .      Spirit   .   b - +0 animal skin
rPois   .          Reflect  .   (helmet restricted)
rElec   .          Harm     .   (no cloak)
rCorr   .          Rampage  .   (gloves unavailable)
Will    ++...                   (boots unavailable)
Stlth   +.........              (no amulet)
HPRegen 1.99/turn               l - +6 ring of intelligence
MPRegen 0.09/turn               (no ring)

@: strong-willed, regenerating
A: large, unfitting armour, claws 3, regeneration 1, shaggy fur 1, tough skin 1
a: Renounce Religion, Berserk, Trog's Hand


You were on level 5 of the Dungeon.
You worshipped Trog.
Trog was pleased with you.
You visited 1 branch of the dungeon, and saw 5 of its levels.

You collected 217 gold pieces.

Inventory:

Hand Weapons
 a - a +0 mace (weapon)
Armour
 b - a +0 animal skin (worn)
Jewellery
 l - a +6 ring of intelligence (left claw)
Wands
 m - a wand of acid (4)
Scrolls
 c - 2 scrolls of enchant weapon {unknown}
 e - a scroll of identify {unknown}
 g - a scroll of immolation {unknown}
 h - 2 scrolls of enchant armour {unknown}
 j - a scroll of torment {unknown}
 n - a scroll of teleportation {unknown}
Potions
 d - a potion of heal wounds {unknown}
 f - a potion of berserk rage {unknown}
 i - 2 potions of flight {unknown}
 k - 3 potions of curing {unknown}
 o - a potion of degeneration {unknown}


   Skills:
 - Level 2.4 Fighting
 * Level 7.1 Maces & Flails
 - Level 2.4 Dodging


You had 5 spell levels left.
You didn't know any spells.
Your spell library contained the following spells:

 Spells                   Type           Power      Damage    Failure   Level
 Blink                    Tloc           0%         N/A       52%         2
 Conjure Flame            Conj/Fire      0%         6-21      77%         3
 Ignite Poison            Fire/Tmut/Pois 0%         N/A       77%         3
 Inner Flame              Hex/Fire       0%         N/A       77%         3
 Cause Fear               Hex            0%         N/A       99%         4
 Olgreb's Toxic Radiance  Pois           0%         N/A       99%         4
 Sticky Flame             Conj/Fire      0%         2d3       99%         4
 Alistair's Intoxication  Tmut/Pois      0%         N/A       100%        5
 Lightning Bolt           Conj/Air       0%         1d11      100%        5
 Manifold Assault         Tloc           0%         N/A       100%        5
 Storm Form               Tmut/Air       0%         N/A       100%        7
 Discord                  Hex            0%         N/A       100%        8


Dungeon Overview and Level Annotations

Branches:
Dungeon (5/15)
 Temple: D:4-7

Altars:
Kikubaaqudgha
Makhleb
Trog
Uskayaw
Wu Jian


Innate Abilities, Weirdness & Mutations

You are too large for most types of armour.
You have claws for hands.
Your natural rate of healing is unusually fast.
You are covered in fur. (AC +1)
You have tough skin. (AC +1)


Message History

You enter the shallow water.
Moving in this stuff is going to be slow.
Found a stone staircase leading up.
An orc wizard comes into view. It is wielding a +0 dagger.
There is a stone staircase leading up here.
An orc wizard is nearby!
Found an escape hatch in the floor.
The orc wizard shouts!
An orc comes into view.
It is wielding a +0 falchion and wearing a +3 ring mail of cold resistance.
An orc comes into view. It is wielding a +2 dagger of speed.
The orc shouts! x2; You hear a shout!
An orc comes into view. It is wielding a +0 club.
The orc wizard gestures wildly while chanting.
The orc wizard flickers and vanishes!
Deactivating autopickup; reactivate with Ctrl-A.
A steam dragon comes into view.
Found a stone staircase leading up.
The steam dragon hisses angrily.
The orc shouts!
Something hits you but does no damage.
You barely miss the orc. The orc hits you with a +0 falchion.
Something hits you.
Your skin crawls.
You feel strong-willed. The orc hits you with a +0 falchion.
Something hits you. The steam dragon breathes steam at you.
The ball of steam hits you!! The orc attacks as you move away!
The orc hits you with a +0 falchion.
A magic dart appears from out of thin air!
The magic dart hits you.
You are engulfed in a cloud of scalding steam.
The steam dragon breathes steam at you.
The ball of steam hits the orc!!
The orc dies!
The ball of steam hits you!
* * * LOW HITPOINT WARNING * * *
You hear a shout! x3
The orc attacks as you move away! The orc hits you with a +0 falchion.
* * * LOW HITPOINT WARNING * * *
You are engulfed in a cloud of scalding steam.
You die...

#...# ≈≈≈≈≈≈≈≈..#
#.#..#
#..#....###
..##.# ..##....#
...
....>......######
...
...#...........#
....
....#....###..#
...#######..## ##
###.<..## ##
#..@####
#...#.§.§##
......§§§o##
......§§{§.#
......§§...#
.......§o..#
........oD...
....##...>....
#### ###........


You could see an orc.

Vanquished Creatures
  A troll (D:5)
  A necrophage (D:4)
  A howler monkey (D:5)
  An iguana (D:4)
  3 adders
  An adder zombie (D:2)
  An adder skeleton (D:2)
  3 worms
  2 dart slugs
  4 bats
  3 endoplasms
  3 giant cockroaches
  7 goblins
  6 hobgoblins
  11 jackals
  5 quokkas
  4 ball pythons
  A ball python zombie (D:2)
  3 frilled lizards
  A jackal skeleton (D:2)
  8 kobolds
  4 rats
74 creatures vanquished.

Vanquished Creatures (others)
  An orc (D:5)
  A plant (D:5)
2 creatures vanquished.

Grand Total: 76 creatures vanquished

Notes
Turn   | Place    | Note
-------+----------+-------------------------------------------
     0 | D:1      | Johnny the Troll Berserker began the quest for the Orb.
     0 | D:1      | Reached XP level 1. HP: 22/22 MP: 0/0
    61 | D:1      | Reached skill level 3 in Maces & Flails
    88 | D:1      | Reached XP level 2. HP: 28/29 MP: 1/1
   352 | D:1      | Reached XP level 3. HP: 36/36 MP: 2/2
   504 | D:1      | Found a faded altar of an unknown god.
   741 | D:2      | Reached ** piety under Trog
   746 | D:2      | Reached skill level 4 in Maces & Flails
   905 | D:2      | Got the Grimoire of Floating Contamination
  1147 | D:2      | Reached XP level 4. HP: 44/44 MP: 3/3
  1945 | D:3      | Found a bloodstained altar of Trog.
  1945 | D:3      | Found an ancient bone altar of Kikubaaqudgha.
  1957 | D:3      | Found an ornate altar of the Wu Jian Council.
  1959 | D:3      | Found a hide-covered altar of Uskayaw.
  1961 | D:3      | Found a burning altar of Makhleb.
  2149 | D:4      | Noticed a necrophage
  2159 | D:4      | Killed a necrophage
  2160 | D:4      | Reached skill level 5 in Maces & Flails
  2160 | D:4      | Reached XP level 5. HP: 30/50 MP: 4/4
  2720 | D:5      | Entered Level 5 of the Dungeon
  2730 | D:5      | Reached skill level 6 in Maces & Flails
  2772 | D:5      | Noticed a troll
  2781 | D:5      | Killed a troll
  2782 | D:5      | Reached skill level 7 in Maces & Flails
  2782 | D:5      | Reached XP level 6. HP: 17/59 MP: 5/5
  2937 | D:5      | Noticed a steam dragon
  2943 | D:5      | Engulfed by a steam dragon's steam

Illustrated notes

Levels and vault maps discovered:
D:1:      saegor_arrival_simple_b, layout_loops_ring,
          ebering_ecumenical_altar_hall, nrook_mini_vaults
D:2:      layout_basic, serial_undead, serial_undead_a, serial_undead_c,
          serial_undead_e, serial_undead_d, serial_undead_f
D:3:      layout_loops_ring, chequers_temple_overflow_minitemple
D:4:      layout_basic
D:5:      layout_rooms, minmay_temple_entry_overgrown, minmay_crystal_water,
          minmay_small_thing, uniq_pikel

Skill      XL: |  1  2  3  4  5 |
---------------+----------------+-----
Maces & Flails | 3 4 5 7 |  7.1
Fighting       | |  2.4
Dodging        | |  2.4

Action                   |  1- 3 |  4- 6 || total
-------------------------+-------+-------++-------
Melee: Mace              |   144 |   105 ||   249
       Punch             |     1 |     1 ||     2
Invok: Berserk           |       |     2 ||     2
       Trog's Hand       |       |     1 ||     1
Armor: Animal skin       |    62 |    29 ||    91
Dodge: Dodged            |   105 |    58 ||   163

Table legend: (Time is in decaauts)
 A = Elapsed time spent in this place.
 B = Non-inter-level travel time spent in this place.
 C = Inter-level travel time spent in this place.
 D = Time resting spent in this place.
 E = Time spent auto-exploring this place.
 F = Levels seen in this place.
 G = Mean time per level.
                   A        B        C        D        E       F      G
               +--------+--------+--------+--------+--------+-----+--------+
         Total |   3008 |   2910 |     98 |     55 |   2297 |   5 |  601.6 |
       Dungeon |   3008 |   2910 |     98 |     55 |   2297 |   5 |  601.6 |
               +--------+--------+--------+--------+--------+-----+--------+

Top non-repeatable levels by time:
     D:2: 791 daAuts
     D:1: 719 daAuts
     D:3: 633 daAuts
     D:4: 626 daAuts
     D:5: 237 daAuts
